 Dungeon Crawl Stone Soup version 0.30-b1-2-g02819fbbbe (webtiles) character file.

Game seed: 5085288647612841565

496 snakesoul the Shield-Bearer (level 7, -12/38 (56) HPs)
             Began as a Formicid Fighter on May 31, 2023.
             Killed from afar by a steam dragon (19 damage)
             ... with a ball of steam
             ... on level 5 of the Dungeon.
             The game lasted 00:03:31 (2585 turns).

snakesoul the Shield-Bearer (Formicid Fighter)      Turns: 2585, Time: 00:03:32

HP:   -12/38 (56)   AC:  7    Str: 23    XL:     7   Next: 38%
MP:   7/7           EV:  9    Int:  7    God:
Gold: 225           SH:  5    Dex: 13    Spells: 6/6 levels left

rFire   . . .        a - +0 war axe
rCold   . . .        c - +0 buckler
rNeg    . . .        b - +0 scale mail
rPois   .            (helmet unavailable)
rElec   .            (no cloak)
rCorr   .            (no gloves)
SInv    +            (no boots)
Will    .....        (no amulet) Stlth
                     (no ring)
HPRegen 0.26/turn    (no ring)
MPRegen 0.10/turn

%: no passive effects
@: very heavily drained
A: permanent stasis, dig shafts and tunnels, antennae 3, four strong arms
a: Dig, Shaft Self


You were on level 5 of the Dungeon.
You visited 1 branch of the dungeon, and saw 5 of its levels.

You collected 225 gold pieces.

Inventory:

Hand Weapons
 a - a +0 war axe (weapon)
Armour
 b - a +0 scale mail (worn)
 c - a +0 buckler (worn)
Scrolls
 d - a scroll of fear {unknown}
 f - a scroll of identify {unknown}
 g - a scroll of vulnerability {unknown}
 h - a scroll of acquirement {unknown}
 i - a scroll of poison {unknown}
 l - a scroll of blinking {unknown}
 n - a scroll of brand weapon {unknown}
 q - a scroll of amnesia {unknown}
Potions
 e - 2 potions of lignification {unknown}
 j - a potion of flight {unknown}
 k - a potion of curing {unknown}
 m - a potion of degeneration {unknown}
 o - 3 potions of attraction {unknown}
 p - 3 potions of magic {unknown}


   Skills:
 + Level 5.1 Fighting
 + Level 4.0 Axes
 + Level 5.1 Armour
 + Level 6.3 Shields


You had 6 spell levels left.
You didn't know any spells.
Your spell library contained the following spells:

 Spells                   Type           Power      Damage    Failure   Level
 Sandblast                Erth           0%         2d4       78%         1
 Passwall                 Tmut/Erth      0%         N/A       89%         2
 Ozocubu's Armour         Ice            0%         N/A       98%         3
 Stone Arrow              Conj/Erth      0%         3d7       98%         3
 Volatile Blastmotes      Fire/Tloc      0%         2d10      98%         3
 Fulminant Prism          Conj/Hex       0%         3d5       100%        4
 Iskenderun's Mystic Bla  Conj/Tloc      0%         2d3       100%        4
 Lee's Rapid Deconstruct  Erth           0%         3d4*      100%        5
 Metabolic Englaciation   Hex/Ice        0%         N/A       100%        5
 Simulacrum               Ice/Necr       0%         N/A       100%        6


Dungeon Overview and Level Annotations

Branches:
Dungeon (5/15)
 Temple: D:4-7

Altars:

Annotations:
D:4 2 transporters, ryxuma's ghost, amateur MiFi


Innate Abilities, Weirdness & Mutations

You cannot be hasted, slowed, berserked, paralysed or teleported.
You can dig through walls and to a lower floor.
You have a pair of large antennae on your head. (SInv)
Your four strong arms can wield two-handed weapons with a shield.


Message History

You extend your mandibles.
You dig through the rock wall.
You feel drained. The steam dragon breathes steam at you.
The ball of steam hits the fungus!!
The fungus begins to die.
The ball of steam misses you.
You dig through the rock wall.
You feel drained.
The fungus is engulfed in a cloud of scalding steam.
You dig through the rock wall.
You feel drained.
The fungus is engulfed in a cloud of scalding steam.
You dig through the rock wall.
You feel drained.
The fungus is engulfed in a cloud of scalding steam.
You dig through the rock wall.
You feel drained.
You dig through the rock wall.
You feel drained.
A nearby fungus withers and dies.
You dig through the rock wall.
You feel drained.
You dig through the rock wall.
You feel drained.
You retract your mandibles.
The steam dragon breathes steam at you. The ball of steam hits you!
No reachable target in view!
No reachable target in view!
You hit the steam dragon.
The steam dragon is lightly wounded.
You hit the steam dragon but do no damage.
The steam dragon is lightly wounded.
The steam dragon breathes steam at you. The ball of steam hits you!
The steam dragon bites you.
* * * LOW HITPOINT WARNING * * *
The steam dragon closely misses you.
You are too injured to fight recklessly!
You are too injured to fight recklessly!
You are too injured to fight recklessly!
Unknown command.
You closely miss the steam dragon.
The steam dragon is lightly wounded.
You are engulfed in a cloud of scalding steam.
The steam dragon breathes steam at you. The ball of steam hits you!!
Ouch! That really hurt!
You die...

#...# #.D.# ##DP# #.~#
{#.^## { #~§~#
...#P.§# ...#...######
..##~.....D@#
#####..#...~####D#
......##P..P# #.#
......#P....## #.#
[.....#~.~.^^# ###
......#.~~..≈#
###..##......#########
#..................#
#.............)....#


You could see 2 steam dragons.

Vanquished Creatures
  Grinder (D:3)
  An ogre (D:4)
  A scorpion (D:5)
  An iguana (D:4)
  6 adders
  A worm (D:2)
  A dart slug (D:1)
  5 orcs
  3 bats
  5 endoplasms
  8 giant cockroaches
  11 goblins
  2 hobgoblins (D:1)
  2 jackals (D:2)
  4 quokkas
  5 ball pythons
  4 frilled lizards
  6 kobolds
  7 rats
74 creatures vanquished.

Vanquished Creatures (others)
  13 fungi (D:5)
  6 plants (D:4)
19 creatures vanquished.

Grand Total: 93 creatures vanquished

Notes
Turn   | Place    | Note
-------+----------+-------------------------------------------
     0 | D:1      | snakesoul the Formicid Fighter began the quest for the Orb.
     0 | D:1      | Reached XP level 1. HP: 18/18 MP: 1/1
     0 | D:1      | Noticed a felid
     1 | D:1      | Noticed an elf
     3 | D:1      | Noticed a merfolk
     5 | D:1      | Noticed a dwarf
     6 | D:1      | Noticed a vine stalker
     7 | D:1      | Noticed an octopode
     8 | D:1      | Noticed an elf
     9 | D:1      | Noticed an elf
    12 | D:1      | Noticed a naga
    14 | D:1      | Noticed a ghoul
    16 | D:1      | Noticed a barachi
    16 | D:1      | Noticed a ghoul
    16 | D:1      | Noticed a vine stalker
    18 | D:1      | Noticed a formicid
    20 | D:1      | Noticed an elf
    63 | D:1      | Reached XP level 2. HP: 21/24 MP: 2/2
   114 | D:1      | Reached XP level 3. HP: 28/29 MP: 3/3
   640 | D:2      | Reached XP level 4. HP: 29/37 MP: 4/4
  1323 | D:3      | Reached XP level 5. HP: 42/42 MP: 5/5
  1329 | D:3      | Noticed Grinder
  1337 | D:3      | Killed Grinder
  1338 | D:3      | Reached skill level 5 in Shields
  1338 | D:3      | Reached XP level 6. HP: 44/49 MP: 6/6
  1379 | D:3      | You fall into a shaft and drop 1 floor!
  1432 | D:4      | Noticed an ogre
  1446 | D:4      | Killed an ogre
  1447 | D:4      | Reached skill level 6 in Shields
  1447 | D:4      | Reached XP level 7. HP: 5/55 MP: 7/7
  1642 | D:4      | Reached skill level 5 in Fighting
  1642 | D:4      | Reached skill level 5 in Armour
  1959 | D:4      | Found a transporter.
  1968 | D:4      | Noticed ryxuma's ghost (amateur MiFi)
  1974 | D:4      | Identified the +4 ring mail of Honesty {Stlth+}
  2092 | D:4      | Found a transporter.
  2426 | D:5      | Entered Level 5 of the Dungeon
  2560 | D:5      | Noticed a steam dragon
  2561 | D:5      | Noticed a steam dragon
  2585 | D:5      | Killed from afar by a steam dragon

Illustrated notes

Levels and vault maps discovered:
D:1:      shiori_arrival_whats_in_store_for_you, layout_rooms
D:2:      layout_basic, serial_curves, eino_curves_03, eino_curves_01
D:3:      minmay_skewed_foursquare, layout_basic,
          lemuel_zombie_altar_kikubaaqudgha, serial_shops,
          nicolae_shop_drivethru, uniq_terence, uniq_grinder, uniq_natasha,
          uniq_jessica
D:4:      layout_loops_corners, gammafunk_ghost_gnarly_gnolls
D:5:      kennysheep_steamy, layout_gridville, mainiacjoe_overflow_paths,
          minmay_temple_entry_stoned_glass, hangedman_decor_opposing

Skill      XL: |  1  2  3  4  5  6  7 |
---------------+----------------------+-----
Armour         | 4 5 |  5.1
Fighting       | 4 5 |  5.1
Axes           | 3 4 |  4.0
Shields        | 5 6 |  6.3

Action                     |  1- 3 |  4- 6 |  7- 9 || total
---------------------------+-------+-------+-------++-------
  Melee: War axe           |    67 |    69 |    52 ||   188
Ability: Dig               |       |       |     1 ||     1
    Use: Potion            |       |     1 |       ||     1
 Armour: Scale mail        |    38 |    28 |    23 ||    89
  Dodge: Dodged            |    46 |    26 |    16 ||    88
  Block: Buckler           |    12 |    16 |    12 ||    40
